 Dungeon Crawl Stone Soup version 0.20.1-1-g8b1a95d (webtiles) character file.

932 HuneSparrow the Slasher (level 7, -5/55 HPs)
             Began as a Demonspawn Fighter on July 22, 2017.
             Was an Initiate of Qazlal.
             Killed by divine providence
             ... invoked by an orc priest
              (13 damage)
             ... on level 5 of the Dungeon.
             The game lasted 00:11:38 (4723 turns).

HuneSparrow the Slasher (Demonspawn Fighter)        Turns: 4723, Time: 00:11:39

Health: -5/55      AC: 10    Str: 19    XL:     7   Next: 86%
Magic:  9/9        EV:  9    Int:  9    God:    Qazlal [......]
Gold:   173        SH:  9    Dex: 12    Spells: 6/6 levels left

rFire    . . .     SeeInvis .   a - +0 long sword
rCold    . . .     Gourm    .   c - +0 shield
rNeg     . . .     Faith    .   b - +0 scale mail
rPois    .         Spirit   .   p - +1 helmet
rElec    +         Reflect  .   w - +0 cloak
rCorr    .         Harm     .   (no gloves)
MR       .....     Clarity  +   (no boots)
Stlth    ..........             (no amulet)
Regen    0.2/turn               (no ring)
MPRegen  0.2/turn               (no ring)

@: no status effects
A: claws 1, clarity, powered by death 1, electricity resistance, sturdy frame 1
a: Renounce Religion


You were on level 5 of the Dungeon.
You worshipped Qazlal.
Qazlal was noncommittal.
You were hungry.

You visited 2 branches of the dungeon, and saw 6 of its levels.

You collected 173 gold pieces.

Inventory:

Hand Weapons
 a - a +0 long sword (weapon)
Armour
 b - a +0 scale mail (worn)
 c - a +0 shield (worn)
 p - a +1 helmet (worn)
 q - a scarf of repulsion
 w - a +0 cloak (worn)
Jewellery
 i - an uncursed ring of fire {unknown}
 A - a +2 ring of slaying {unknown}
Scrolls
 h - a scroll of noise {unknown}
 j - 2 scrolls of immolation
 k - 2 scrolls of fear {unknown}
 l - 2 scrolls of amnesia {unknown}
 m - a scroll of enchant armour {unknown}
 u - a scroll of enchant weapon {unknown}
 v - a scroll of teleportation {unknown}
 x - a scroll of magic mapping {unknown}
 y - a scroll of blinking {unknown}
Potions
 d - 2 potions of might
 e - a potion of cancellation
 g - a potion of curing
 n - a potion of heal wounds
 r - a potion of mutation
 s - a potion of berserk rage
 z - a potion of invisibility {unknown}
Comestibles
 f - 5 bread rations
 o - a meat ration
 t - 12 chunks of flesh


   Skills:
 + Level 4.6 Fighting
 * Level 4.8 Long Blades
 + Level 4.2 Armour
 + Level 2.6 Dodging
 + Level 4.2 Shields
 + Level 2.9 Invocations


You had 6 spell levels left.
You didn't know any spells.

Dungeon Overview and Level Annotations

Branches:
Dungeon (5/15)             Temple (1/1) D:4

Altars:
Ashenzari
Cheibriados
Fedhas
Hepliaklqana
Okawaru
Qazlal
Ru
Trog
Yredelemnul
Zin


Innate Abilities, Weirdness & Mutations

You have sharp fingernails.
You regenerate a little health from kills.
Your movements are slightly less encumbered by armour. (ER -2)
You possess an exceptional clarity of mind.
You are resistant to electric shocks. (rElec)


Message History

You miss something.
The orc priest calls down the wrath of Beogh upon you.
Beogh smites you! Something hits you but does no damage.
The orc priest begins to cast a cantrip, but forgets the words!
Your shield and scale mail prevent you from hitting something.
You hear some strange, mumbled words.
You feel momentarily confused.
The orc priest hits you but does no damage.
You hit something.
The orc priest calls down the wrath of Beogh upon you.
Beogh smites you! Something hits you. You block the orc priest's attack.
You slash something! Something hits you but does no damage.
The orc priest invokes the aid of Beogh against you.
Beogh smites you!
* * * LOW HITPOINT WARNING * * *
You hear some strange, mumbled words.
You feel momentarily confused.
The orc priest mumbles some strange prayers to Beogh against you.
Beogh smites you!
You die...

#.##.##.#
#.##.##.#
#.##.##)#
#.##..#.#
#.###.#.#
##.###.#.#
#......#.#
#..#####.#####
#.>@.{oo.....#
#.####o###...#
#.# #.# ##..#
#######.# #.#
#..# #.......#
#.# #รท.#
###.#######
#.# #..# #...#
#.# #..# #...#
#.# #..# #...#
#oo#


You could see 2 orc priests and an orc.

Vanquished Creatures
  The ghost of Syrinius the Digger, an amateur FoEE (D:4)
  A phantom (D:4)
  A centaur (D:5)
  An ogre (D:4)
  2 scorpions
  A howler monkey (D:4)
  An orc priest (D:2)
  A bullfrog skeleton (D:4)
  An orc wizard (D:4)
  2 worker ants
  2 iguanas (D:4)
  Terence (D:3)
  3 gnolls (D:5)
  6 adders
  3 worms (D:2)
  3 dart slugs
  10 orcs
  7 bats
  7 giant cockroaches
  10 goblins
  2 hobgoblins
  7 jackals
  4 quokkas
  4 ball pythons
  9 frilled lizards
  9 kobolds
  26 rats
125 creatures vanquished.

Notes
Turn   | Place    | Note
-------+----------+-------------------------------------------
     0 | D:1      | HuneSparrow the Demonspawn Fighter began the quest for the Orb.
     0 | D:1      | Reached XP level 1. HP: 18/18 MP: 1/1
    80 | D:1      | Gained mutation: Your movements are slightly less encumbered by armour. (ER -2) [demonic ancestry]
    80 | D:1      | Reached XP level 2. HP: 24/24 MP: 2/2
   386 | D:1      | Reached XP level 3. HP: 24/29 MP: 3/3
   966 | D:2      | Reached skill level 1 in Dodging
  1386 | D:2      | Gained mutation: You have sharp fingernails. [demonic ancestry]
  1386 | D:2      | Reached XP level 4. HP: 29/35 MP: 4/4
  2190 | D:2      | Reached XP level 5. HP: 16/41 MP: 5/5
  2960 | D:3      | Noticed Terence
  2980 | D:3      | Killed Terence
  2980 | D:3      | Gained mutation: You regenerate a little health from kills. [demonic ancestry]
  2980 | D:3      | Reached XP level 6. HP: 45/48 MP: 6/6
  2987 | D:3      | Gained mutation: You are resistant to electric shocks. (rElec) [potion of mutation]
  2987 | D:3      | Gained mutation: You possess an exceptional clarity of mind. [potion of mutation]
  3526 | D:4      | Found a staircase to the Ecumenical Temple.
  3536 | Temple   | Entered the Ecumenical Temple
  3554 | Temple   | Became a worshipper of Qazlal Stormbringer
  3638 | D:4      | Noticed Syrinius's ghost (amateur FoEE)
  3652 | D:4      | Killed Syrinius's ghost
  3652 | D:4      | Reached skill level 1 in Invocations
  4070 | D:4      | Reached XP level 7. HP: 54/55 MP: 8/8
  4370 | D:5      | Entered Level 5 of the Dungeon
  4723 | D:5      | Killed from afar by an orc priest

Skill      XL: |  1  2  3  4  5  6  7 |
---------------+----------------------+-----
Long Blades    | 2 3 4 |  4.8
Shields        | 3 4 |  4.2
Armour         | 3 4 |  4.2
Dodging        | 1 2 |  2.6
Fighting       | 4 |  4.6
Invocations    | 1 2 |  2.9

Action                   |  1- 3 |  4- 6 |  7- 9 || total
-------------------------+-------+-------+-------++-------
Melee: Long sword        |   155 |   264 |   104 ||   523
  Use: Scroll            |     1 |     5 |       ||     6
       Potion            |       |     2 |     1 ||     3
  Eat: Chunk             |     1 |    10 |     2 ||    13
Armor: Scale mail        |    99 |   130 |    44 ||   273
Dodge: Dodged            |    63 |    93 |    39 ||   195
       Deflected         |       |     3 |       ||     3
Block: Shield            |    93 |   132 |    63 ||   288
       Rpst.: Long sword |    17 |    30 |    14 ||    61
